 Dungeon Crawl Stone Soup version 0.23-a0-26-g9187234747 (webtiles) character file.

108 Htamos the Ducker (level 4, 0/32 HPs)
             Began as a Merfolk Enchanter on Aug 3, 2018.
             Succumbed to a goblin's poison
             ... on level 2 of the Dungeon.
             The game lasted 00:07:31 (2626 turns).

Htamos the Ducker (Merfolk Enchanter)               Turns: 2626, Time: 00:07:32

Health: 0/32       AC:  3    Str:  8    XL:     4   Next: 87%
Magic:  3/7        EV: 14    Int: 14    God:
Gold:   82         SH:  0    Dex: 15    Spells: 3/7 levels left

rFire    . . .     SeeInvis .   a - +1 dagger
rCold    . . .     Gourm    .   (no shield)
rNeg     . . .     Faith    .   b - +1 robe
rPois    .         Spirit   .   (no helmet)
rElec    .         Reflect  .   (no cloak)
rCorr    .         Harm     .   (no gloves)
MR       .....                  (no boots)
Stlth    +++.......             (no amulet)
HPRegen  0.10/turn              (no ring)
MPRegen  0.10/turn              (no ring)

@: lethally poisoned (0 -> -8)
A: change form in water, swift swim, stealthy swim
a: no special abilities


You were on level 2 of the Dungeon.
You were not hungry.

You visited 1 branch of the dungeon, and saw 2 of its levels.

You collected 82 gold pieces.

Inventory:

Hand Weapons
 a - a +1 dagger (weapon)
Missiles
 c - 28 stones (quivered)
Armour
 b - a +1 robe (worn)
Scrolls
 g - 2 scrolls of remove curse
 h - a scroll of identify
Comestibles
 d - 3 rations


   Skills:
 + Level 1.3 Fighting
 + Level 1.9 Short Blades
 * Level 4.2 Dodging
 + Level 3.6 Stealth
 + Level 2.3 Spellcasting
 * Level 3.7 Hexes


You had 3 spell levels left.
You knew the following spells:

 Your Spells              Type           Power        Failure   Level  Hunger
a - Corona                Hex            ##.....      4%          1    #......
b - Confuse               Hex            ##......     14%         3    ###....

Your spell library contained the following spells:

 Spells                   Type           Power        Failure   Level  Hunger
 Tukima's Dance           Hex            ##......     14%         3    ###....
 Ensorcelled Hibernation  Hex/Ice        #.....       16%         2    ###....
 Dazzling Spray           Conj/Hex       #.....       32%         3    ###....


Dungeon Overview and Level Annotations

Branches:
Dungeon (2/15)

Altars:


Message History

It is a scroll of identify.
i - a scroll of immolation
* * * LOW HITPOINT WARNING * * *
You feel sick.
Okay, then.
As you read the scroll of immolation, it crumbles to dust.
The air around you briefly surges with heat, but it dissipates.
* * * LOW HITPOINT WARNING * * *
You feel sick.
* * * LOW HITPOINT WARNING * * *
You feel sick.
* * * LOW HITPOINT WARNING * * *
You feel sick.
You aren't carrying any pieces of jewellery.
You eat one of the 4 rations.
That ration really hit the spot!
* * * LOW HITPOINT WARNING * * *
You feel sick.
Okay, then.
There is a lethal amount of poison in your body!
You die...

#........# #.##.####.# ####
#........#######........g#######
#........#.......##.###.........
#####...........................
#...##.###....##............
#...##.# #....##.....#######
#...##.# #....##.....#......
#...##.# #....######.#.....#
#...##.###.@..######.#.....#
###............###...........#
#........####### #......######
#......### #......# #......#
#......# #......# #......#
#......# #......# #......#
#......# ######## ########


There were no monsters in sight!

Vanquished Creatures
  Jessica (D:2)
  2 adders (D:2)
  3 oozes
  4 dart slugs
  2 giant cockroaches (D:2)
  5 goblins (D:1)
  5 hobgoblins
  6 jackals
  A kobold (D:2)
  10 bats
  A frilled lizard (D:2)
  4 rats
44 creatures vanquished.

Notes
Turn   | Place    | Note
-------+----------+-------------------------------------------
     0 | D:1      | Htamos the Merfolk Enchanter began the quest for the Orb.
     0 | D:1      | Reached XP level 1. HP: 13/13 MP: 3/3
   307 | D:1      | Reached skill level 3 in Dodging
   307 | D:1      | Reached XP level 2. HP: 19/19 MP: 5/5
   668 | D:1      | Reached XP level 3. HP: 23/25 MP: 6/6
  1646 | D:2      | Learned a level 3 spell: Confuse
  1793 | D:2      | Reached skill level 1 in Fighting
  1852 | D:2      | Noticed Jessica
  1873 | D:2      | Killed Jessica
  1873 | D:2      | Reached XP level 4. HP: 16/32 MP: 1/7
  2160 | D:2      | Reached skill level 4 in Dodging
  2625 | D:2      | HP: 1/32 [poisoned by a goblin]
  2626 | D:2      | Succumbed to a goblin's poison

Vault maps used:
D:1:      dpeg_arrival_lava_temple_mockup
D:2:      minmay_hexomino_c4, uniq_jessica

Skill      XL: |  1  2  3  4 |
---------------+-------------+-----
Dodging        | 3 4 |  4.2
Fighting       | 1 |  1.3
Short Blades   | |  1.9
Stealth        | |  3.6
Spellcasting   | |  2.3
Hexes          | |  3.7

Action                   |  1- 3 |  4- 6 || total
-------------------------+-------+-------++-------
Melee: Dagger            |   161 |    61 ||   222
 Cast: Confuse           |     3 |     3 ||     6
  Use: Scroll            |     3 |     3 ||     6
       Potion            |     3 |     2 ||     5
 Stab: Sleeping          |    10 |     3 ||    13
       Confused          |       |     1 ||     1
  Eat: Chunk             |     2 |     4 ||     6
       Ration            |       |     1 ||     1
Armor: Robe              |    17 |    28 ||    45
Dodge: Dodged            |   106 |    70 ||   176

Table legend:
 A = Spawn XP
 B = Non-spawn XP
 C = Spawn XP percentage of total XP
 D = Spawn monster count
 E = Non-spawn monster count
 F = Spawn count percentage of total count
 G = Total turns spent on level
                    A         B        C        D         E        F      G
               +---------+---------+-------+---------+---------+-------+---------
         Total |       0 |     155 |   0.0 |       0 |      44 |   0.0 |  2626
               +---------+---------+-------+---------+---------+-------+---------
           D:1 |       0 |      42 |   0.0 |       0 |      20 |   0.0 |  1400
           D:2 |       0 |     113 |   0.0 |       0 |      24 |   0.0 |  1226
               +---------+---------+-------+---------+---------+-------+---------
